 Dungeon Crawl Stone Soup version 0.26.1-11-gd32895ea62 (webtiles) character file.

Game seed: 13563374665556123806

103 Descartes the Changer (level 4, -9/19 HPs)
             Began as a Felid Transmuter on July 16, 2021.
             Killed from afar by an orc wizard (13 damage)
             ... with a puff of frost
             ... on level 4 of the Dungeon.
             The game lasted 00:10:15 (4431 turns).

Descartes the Changer (Felid Transmuter)            Turns: 4431, Time: 00:10:15

Health: -9/19      AC:  1    Str:  7    XL:     4   Next: 51%
Magic:  8/8        EV: 18    Int: 15    God:
Gold:   179        SH:  0    Dex: 16    Spells: 6/7 levels left
                                        Lives:  0   Deaths: 1

rFire    . . .     SeeInvis +     - Unarmed
rCold    . . .     Faith    .   (shield unavailable)
rNeg     . . .     Spirit   .   (armour unavailable)
rPois    +         Reflect  .   (helmet unavailable)
rElec    .         Harm     .   (cloak unavailable)
rCorr    .         Rampage  .   (gloves unavailable)
Will     .....                  (boots unavailable)
Stlth    ++........             b - amulet of regeneration
HPRegen  0.46/turn              h - ring of flight
MPRegen  0.11/turn              n - ring of poison resistance

@: quick
A: very small, no armour, no weapons or thrown items, stealth, claws 1, fangs 3,
see invisible, speed 1, mutation resistance 1, sense surroundings 1, shaggy fur
1, sharp paws
a: Evoke Flight


You were on level 4 of the Dungeon.
You visited 1 branch of the dungeon, and saw 4 of its levels.

You collected 179 gold pieces.

Inventory:

Missiles
 a - 196 stones
Jewellery
 b - an amulet of regeneration (around neck)
 h - a ring of flight (left paw)
 n - a ring of poison resistance (right paw)
Wands
 r - a wand of polymorph (7)
Scrolls
 d - a scroll of teleportation {unknown}
 f - a scroll of noise {unknown}
 g - 3 scrolls of remove curse {unknown}
 k - 2 scrolls of fear {unknown}
 l - 3 scrolls of enchant armour {unknown}
 p - a scroll of magic mapping {unknown}
 q - a scroll of amnesia {unknown}
 s - a scroll of random uselessness {unknown}
 u - a scroll of enchant weapon {unknown}
Potions
 c - a potion of brilliance
 e - a potion of flight
 i - a potion of ambrosia
 j - a potion of magic
 o - a potion of might
 t - a potion of mutation


   Skills:
 - Level 1.0 Fighting
 - Level 2.7 Dodging
 + Level 0.9 Stealth
 - Level 3.1 Unarmed Combat
 - Level 2.0 Spellcasting
 - Level 6.0 Transmutations


You had 6 spell levels left.
You knew the following spells:

 Your Spells              Type           Power        Failure   Level
a - Beastly Appendage     Tmut           38%          1%          1

Your spell library contained the following spells:

 Spells                   Type           Power        Failure   Level
 Wereblood                Tmut           19%          2%          2
 Spider Form              Tmut/Pois      5%           19%         3
 Blade Hands              Tmut           9%           45%         5
 Ice Form                 Ice/Tmut       10%          54%         4


Dungeon Overview and Level Annotations

Branches:
Dungeon (4/15)
 Temple: D:4-7

Altars:


Innate Abilities, Weirdness & Mutations

You cannot wear armour.
You are incapable of wielding weapons or throwing items.
Your paws allow you to move quietly. (Stealth)
You have sharp claws.
You have razor-sharp teeth.
You have supernaturally acute eyesight. (SInv)
You cover ground quickly.
You are covered in fur. (AC +1)
Your sharp claws are effective at attacking unaware monsters.
You are somewhat resistant to further mutation.
You passively map a small area around you.


Message History

You closely miss the orc wizard.
The orc wizard is moderately wounded.
The orc wizard hits you with a +0 dagger.
You barely miss the orc wizard.
The orc wizard is moderately wounded.
The orc wizard hits you with a +0 dagger.
The orc wizard points at you and mumbles some strange words.
The magic dart hits you!
* * * LOW HITPOINT WARNING * * *
You closely miss the orc wizard.
The orc wizard is moderately wounded.
The orc wizard is no longer moving quickly.
The orc wizard hits you but does no damage.
The orc wizard looks braver for a moment.
A worker ant comes into view.
The orc wizard begins to cast a cantrip, but forgets the words!
The orc wizard gestures at you while chanting.
The puff of frost hits you!
Ouch! That really hurt!
You die...

* ##†#.. , , #.....>.# *
####o#.. , #.......######....#..
,, * #.......#.......o##.# *
#.....B.#........# ..
#.......#........# ## #####
#...<...######'### ###...#
#.......# #.# #.#.#.########@..#
#.### #.....#..........#
###o..#### ##.###.#..........#
#.....[..# #......#.(........#
###.o......#
#..#####..........###.#........#
#....[.#..........oo..#........#
###.##.#..........###o#........#
#....#.'.................#######
#.#.####...........#.#####


You could see a worker ant (wandering) and an orc wizard (invisible).

Vanquished Creatures
  A hound skeleton (D:4)
  5 adders
  2 oozes
  An adder skeleton (D:3)
  3 worms
  A leopard gecko (D:3)
  14 orcs
  A ball python (D:1)
  10 bats
  3 giant cockroaches
  9 goblins
  7 hobgoblins
  3 jackals (D:1)
  4 kobolds
  2 quokkas (D:3)
  5 frilled lizards
  11 rats
82 creatures vanquished.

Notes
Turn   | Place    | Note
-------+----------+-------------------------------------------
     0 | D:1      | Descartes the Felid Transmuter began the quest for the Orb.
     0 | D:1      | Reached XP level 1. HP: 9/9 MP: 4/4
   438 | D:1      | Reached XP level 2. HP: 12/12 MP: 4/6
   464 | D:1      | Reached skill level 3 in Transmutations
  1371 | D:1      | Reached XP level 3. HP: 15/15 MP: 5/7
  1531 | D:2      | Reached skill level 4 in Transmutations
  2403 | D:2      | Reached XP level 4. HP: 19/19 MP: 8/8
  2515 | D:2      | Reached skill level 5 in Transmutations
  3918 | D:3      | Reached XP level 5. HP: 18/22 MP: 7/9
  4156 | D:3      | Gained mutation: You passively map a small area around you.
                  | [potion of mutation]
  4156 | D:3      | Gained mutation: You are somewhat resistant to further
                  | mutation. [potion of mutation]
  4205 | D:4      | Killed from afar by an orc priest
  4206 | D:4      | Reached XP level 4. HP: -1/19 MP: 8/8
  4401 | D:4      | Reached skill level 6 in Transmutations
  4431 | D:4      | Killed from afar by an orc wizard

Illustrated notes

Levels and vault maps discovered:
D:1:      lemuel_arrival_lava_pool, layout_basic
D:2:      layout_loops_cross, serial_rivers, chequers_serial_rivers_large_a,
          chequers_serial_rivers_small_a, chequers_serial_rivers_micro_a,
          chequers_serial_rivers_micro_c, minmay_cut_off
D:3:      layout_basic
D:4:      layout_basic, serial_shops, kennysheep_little_box

Skill      XL: |  1  2  3  4 |
---------------+-------------+-----
Transmutations | 3 4 6 |  6.0
Fighting       | |  1.0
Dodging        | |  2.7
Stealth        | |  0.9
Unarmed Combat | |  3.1
Spellcasting   | |  2.0

Action                   |  1- 3 |  4- 6 || total
-------------------------+-------+-------++-------
Melee: Unarmed           |   121 |   159 ||   280
       Bite              |     9 |    12 ||    21
       Headbutt          |     7 |    20 ||    27
       Punch             |     2 |       ||     2
 Cast: Beastly Appendage |    32 |    27 ||    59
  Use: Potion            |     1 |     1 ||     2
       Scroll            |       |     7 ||     7
 Stab: Sleeping          |     6 |     2 ||     8
Armor: Skin              |     7 |     3 ||    10
Dodge: Dodged            |   101 |   110 ||   211
